MID
KANE COUNTY COUGARS @ ATLANTA (MID) BRAVES
09/25/2047
 
TOP OF THE 1ST
Kane County Cougars batting - Pitching for Atlanta (MID) Braves : RHP Alfredo Leiva
Pitching: RHP Alfredo Leiva
Batting: SHB Blaine Peters 0-0: Called Strike
0-1: Ground out 6-3 (Groundball, 6, EV 83.8 MPH)
Batting: RHB D.J. Cooke 0-0: Ball
1-0: Ball
2-0: Ball
3-0: Called Strike
3-1: Ground out 6-3 (Groundball, 6, EV 90.0 MPH)
Batting: RHB Chad Mendoza 0-0: Ball
1-0: Ball
2-0: Foul Ball, location: 2F
2-1: Ball
3-1: Ground out 5-3 (Groundball, 56, EV 80.6 MPH)
Top of the 1st over - 0 runs, 0 hits, 0 errors, 0 left on base; Kane County 0 - Atlanta (MID) 0
BOTTOM OF THE 1ST
Atlanta (MID) Braves batting - Pitching for Kane County Cougars : RHP Sipi Mäkitie
Pitching: RHP Sipi Mäkitie
Batting: RHB Zheng-ze King 0-0: Called Strike
0-1: Ball
1-1: Foul Ball, location: 2F
1-2: Ball
2-2: Ball
3-2: Foul Ball, location: 2F
3-2: Foul Ball, location: 2F
3-2: Strikes out swinging
Batting: RHB Badr al Din Ridha 0-0: Ball
1-0: Swinging Strike
1-1: Ball
2-1: Called Strike
2-2: Strikes out swinging
Batting: SHB Jose Melendez 0-0: Ball
1-0: Ground out 5-3 (Groundball, 5, EV 82.5 MPH)
Bottom of the 1st over - 0 runs, 0 hits, 0 errors, 0 left on base; Kane County 0 - Atlanta (MID) 0
TOP OF THE 2ND
Kane County Cougars batting - Pitching for Atlanta (MID) Braves : RHP Alfredo Leiva
Batting: LHB Koson Hirai 0-0: Foul Ball, location: 2F
0-1: DOUBLE (Flyball, 9LD, EV 113.1 MPH)
Batting: RHB Dustin Legault 0-0: Foul Ball, location: 2F
0-1: Ball
Koson Hirai steals 3rd base (no throw)
1-1: Ball
Wild Pitch!
Koson Hirai scores
2-1: Ground out 5-3 (Groundball, 56, EV 106.9 MPH)
Batting: RHB Josh Burrows 0-0: Ball
1-0: Ball
2-0: Called Strike
2-1: Ball
3-1: Swinging Strike
3-2: Fly out, F7 (Flyball, 78S, EV 83.8 MPH)
Batting: RHB Sergio Manzanero 0-0: Foul Ball, location: 2F
0-1: Ball
1-1: Swinging Strike
1-2: Strikes out swinging
Top of the 2nd over - 1 run, 1 hit, 0 errors, 0 left on base; Kane County 1 - Atlanta (MID) 0
BOTTOM OF THE 2ND
Atlanta (MID) Braves batting - Pitching for Kane County Cougars : RHP Sipi Mäkitie
Batting: RHB Yojiro Hayashi 0-0: Called Strike
0-1: Swinging Strike
0-2: Foul Ball, location: 2F
0-2: Foul Ball, location: 2F
0-2: Ball
1-2: Ball
2-2: Foul Ball, location: 2F
2-2: Strikes out swinging
Batting: RHB Nick Holsinger 0-0: Ball
1-0: Ball
2-0: Ball
3-0: Called Strike
3-1: Ground out 6-3 (Groundball, 6, EV 79.4 MPH)
Batting: LHB Joe Phillips 0-0: Swinging Strike
0-1: Swinging Strike
0-2: Strikes out looking
Bottom of the 2nd over - 0 runs, 0 hits, 0 errors, 0 left on base; Kane County 1 - Atlanta (MID) 0
TOP OF THE 3RD
Kane County Cougars batting - Pitching for Atlanta (MID) Braves : RHP Alfredo Leiva
Batting: LHB Jeff Trapp 0-0: Ground out 6-3 (Groundball, 6, EV 98.8 MPH)
Batting: RHB Gary Hills 0-0: Called Strike
0-1: Ball
1-1: Ball
2-1: Called Strike
2-2: SINGLE (Groundball, 56, EV 95.6 MPH)
Batting: SHB Blaine Peters 0-0: Ball
1-0: Called Strike
1-1: Foul Ball, location: 2F
1-2: Foul Ball, location: 2F
1-2: Ball
2-2: Strikes out looking
Batting: RHB D.J. Cooke 0-0: Ball
1-0: Foul Ball, location: 2F
1-1: Called Strike
1-2: Strikes out swinging
Top of the 3rd over - 0 runs, 1 hit, 0 errors, 1 left on base; Kane County 1 - Atlanta (MID) 0
BOTTOM OF THE 3RD
Atlanta (MID) Braves batting - Pitching for Kane County Cougars : RHP Sipi Mäkitie
Batting: LHB Malik Boulay 0-0: Ground out 5-3 (Groundball, 56, EV 100.6 MPH)
Batting: RHB George Provance 0-0: Ball
1-0: Ball
2-0: Called Strike
2-1: Foul Ball, location: 2F
2-2: Foul Ball, location: 2F
2-2: Strikes out swinging
Batting: RHB Miguel Vazquez 0-0: Ball
1-0: Called Strike
1-1: Ball
2-1: Foul Ball, location: 2F
2-2: Ball
3-2: Ground out 6-3 (Groundball, 6, EV 86.9 MPH)
Bottom of the 3rd over - 0 runs, 0 hits, 0 errors, 0 left on base; Kane County 1 - Atlanta (MID) 0
TOP OF THE 4TH
Kane County Cougars batting - Pitching for Atlanta (MID) Braves : RHP Alfredo Leiva
Batting: RHB Chad Mendoza 0-0: Called Strike
0-1: Ball
1-1: Ball
2-1: Foul Ball, location: 2F
2-2: Foul Ball, location: 2F
2-2: Ground out 5-3 (Groundball, 5, EV 82.5 MPH)
Batting: LHB Koson Hirai 0-0: DOUBLE (Line Drive, 7LD, EV 105.6 MPH)
Batting: RHB Dustin Legault 0-0: Ball
1-0: Ball
Koson Hirai is caught stealing 3rd base 2-5
2-0: Called Strike
2-1: Ground out U3 (Groundball, 34, EV 103.8 MPH)
Top of the 4th over - 0 runs, 1 hit, 0 errors, 0 left on base; Kane County 1 - Atlanta (MID) 0
BOTTOM OF THE 4TH
Atlanta (MID) Braves batting - Pitching for Kane County Cougars : RHP Sipi Mäkitie
Batting: RHB Zheng-ze King 0-0: Foul Ball, location: 2F
0-1: Ball
1-1: Ball
2-1: Ball
3-1: SINGLE (Line Drive, 6MD, EV 95.0 MPH)
Batting: RHB Badr al Din Ridha 0-0: Called Strike
Zheng-ze King steals 2nd base
0-1: Ball
1-1: Ball
2-1: Ball
3-1: Foul Ball, location: 2F
3-2: Ground out 4-3 (Groundball, 4, EV 102.5 MPH)
Zheng-ze King to third
Batting: SHB Jose Melendez 0-0: Foul Ball, location: 2F
0-1: Swinging Strike
0-2: Foul Ball, location: 2F
0-2: Strikes out swinging
Batting: RHB Yojiro Hayashi 0-0: Foul Ball, location: 2F
0-1: SINGLE (Line Drive, 56D, EV 97.5 MPH)
Zheng-ze King scores
Batting: RHB Nick Holsinger 0-0: Called Strike
Yojiro Hayashi is caught stealing 2nd base 2-4
Bottom of the 4th over - 1 run, 2 hits, 0 errors, 0 left on base; Kane County 1 - Atlanta (MID) 1
TOP OF THE 5TH
Kane County Cougars batting - Pitching for Atlanta (MID) Braves : RHP Alfredo Leiva
Batting: RHB Josh Burrows 0-0: Ball
1-0: Ball
2-0: Reached on error, E9 (Flyball, 89XD, EV 91.2 MPH)
Batting: RHB Sergio Manzanero 0-0: Called Strike
0-1: Called Strike
0-2: Ball
1-2: Strikes out looking
Batting: LHB Jeff Trapp 0-0: Swinging Strike
0-1: Foul Ball, location: 2F
0-2: Ball
1-2: Strikes out swinging
Batting: RHB Gary Hills 0-0: Ball
1-0: Called Strike
1-1: Ball
2-1: Ball
3-1: Called Strike
3-2: DOUBLE (Line Drive, 7LM, EV 103.8 MPH)
Josh Burrows scores
Batting: SHB Blaine Peters 0-0: Swinging Strike
0-1: SINGLE (Groundball, 23, EV 66.9 MPH) (infield hit)
Gary Hills to third
Batting: RHB D.J. Cooke 0-0: Called Strike
0-1: Swinging Strike
0-2: Foul Ball, location: 2F
0-2: Strikes out swinging
Top of the 5th over - 1 run, 2 hits, 1 error, 2 left on base; Kane County 2 - Atlanta (MID) 1
BOTTOM OF THE 5TH
Atlanta (MID) Braves batting - Pitching for Kane County Cougars : RHP Sipi Mäkitie
Batting: RHB Nick Holsinger 0-0: Ground out 5-3 (Groundball, 56S, EV 64.4 MPH)
Batting: LHB Joe Phillips 0-0: Ball
1-0: Ball
2-0: Swinging Strike
2-1: Ball
3-1: Foul Ball, location: 2F
3-2: Strikes out swinging
Batting: LHB Malik Boulay 0-0: Ball
1-0: Swinging Strike
1-1: Foul Ball, location: 2F
1-2: Ball
2-2: Ball
3-2: Ground out 6-3 (Groundball, 6, EV 86.2 MPH)
Bottom of the 5th over - 0 runs, 0 hits, 0 errors, 0 left on base; Kane County 2 - Atlanta (MID) 1
TOP OF THE 6TH
Kane County Cougars batting - Pitching for Atlanta (MID) Braves : RHP Alfredo Leiva
Batting: RHB Chad Mendoza 0-0: Swinging Strike
0-1: SINGLE (Line Drive, 8LS, EV 106.2 MPH)
Batting: LHB Koson Hirai 0-0: Called Strike
0-1: Ball
1-1: Grounds into double play, 4-6-3 (Groundball, 4, EV 82.5 MPH)
Batting: RHB Dustin Legault 0-0: Foul Ball, location: 2F
0-1: Called Strike
0-2: Ball
1-2: Ball
2-2: Ball
3-2: Foul Ball, location: 2F
3-2: Fly out, F9 (Flyball, 89M, EV 90.6 MPH)
Top of the 6th over - 0 runs, 1 hit, 0 errors, 0 left on base; Kane County 2 - Atlanta (MID) 1
BOTTOM OF THE 6TH
Atlanta (MID) Braves batting - Pitching for Kane County Cougars : RHP Sipi Mäkitie
Batting: RHB George Provance 0-0: Ball
1-0: Called Strike
1-1: Foul Ball, location: 2F
1-2: Ball
2-2: Ball
3-2: Strikes out swinging
Batting: RHB Miguel Vazquez 0-0: Called Strike
0-1: Ground out U3 (Groundball, 34S, EV 81.9 MPH)
Batting: RHB Zheng-ze King 0-0: Foul Ball, location: 2F
0-1: Swinging Strike
0-2: Ball
1-2: Ball
2-2: Foul Ball, location: 2F
2-2: Ball
3-2: Strikes out swinging
Bottom of the 6th over - 0 runs, 0 hits, 0 errors, 0 left on base; Kane County 2 - Atlanta (MID) 1
TOP OF THE 7TH
Kane County Cougars batting - Pitching for Atlanta (MID) Braves : RHP Alfredo Leiva
Batting: RHB Josh Burrows 0-0: Ball
1-0: Called Strike
1-1: Foul Ball, location: 2F
1-2: Reaches on Catchers interference
Batting: RHB Sergio Manzanero 0-0: Called Strike
0-1: Fielders Choice at 2nd, 6-4 (Groundball, 6, EV 86.2 MPH)
Batting: LHB Jeff Trapp 0-0: Called Strike
0-1: Ball
1-1: Foul Ball, location: 2F
1-2: Foul Ball, location: 2F
1-2: Ball
2-2: Strikes out swinging
Pitching: RHP Jeremy Armstrong
Batting: RHB Gary Hills 0-0: Called Strike
Sergio Manzanero steals 2nd base
0-1: Swinging Strike
0-2: Ball
1-2: Strikes out swinging
Top of the 7th over - 0 runs, 0 hits, 1 error, 1 left on base; Kane County 2 - Atlanta (MID) 1
BOTTOM OF THE 7TH
Atlanta (MID) Braves batting - Pitching for Kane County Cougars : RHP Sipi Mäkitie
Batting: RHB Badr al Din Ridha 0-0: Called Strike
0-1: Called Strike
0-2: Ball
1-2: Strikes out swinging, 2-3 out at first.
Batting: SHB Jose Melendez 0-0: Ball
1-0: Called Strike
1-1: Ball
2-1: Ball
3-1: DOUBLE (Line Drive, 8LXD, EV 103.8 MPH)
Batting: RHB Yojiro Hayashi 0-0: Called Strike
0-1: Ball
1-1: SINGLE (Groundball, 56, EV 98.8 MPH) (infield hit)
Jose Melendez to third
Batting: RHB Nick Holsinger 0-0: Called Strike
0-1: Ball
1-1: Ball
2-1: Called Strike
2-2: Fly out, F7 (Flyball, 78S, EV 83.1 MPH)
Pitching: LHP Travis Osorio
Batting: LHB Joe Phillips 0-0: Ball
1-0: Called Strike
1-1: Reaches on Catchers interference
Yojiro Hayashi to second
Batting: LHB Malik Boulay 0-0: Ball
1-0: Ball
2-0: Fly out, F8 (Flyball, 8LXD, EV 102.5 MPH)
Bottom of the 7th over - 0 runs, 2 hits, 1 error, 3 left on base; Kane County 2 - Atlanta (MID) 1
TOP OF THE 8TH
Kane County Cougars batting - Pitching for Atlanta (MID) Braves : RHP Jeremy Armstrong
Batting: SHB Blaine Peters 0-0: Called Strike
0-1: Ball
1-1: Hit by Pitch
Batting: RHB D.J. Cooke 0-0: Ball
Blaine Peters steals 2nd base
1-0: Called Strike
1-1: Ground out U3 (Groundball, 34, EV 110.6 MPH)
Blaine Peters to third
Batting: RHB Chad Mendoza 0-0: Ball
1-0: Called Strike
1-1: Foul Ball, location: 2F
1-2: Strikes out looking
Batting: LHB Koson Hirai 0-0: Intentional Walk
Batting: RHB Dustin Legault 0-0: Called Strike
0-1: Ball
1-1: Ball
2-1: Ball
3-1: Foul Ball, location: 2F
3-2: Foul Ball, location: 2F
3-2: Foul Ball, location: 2F
3-2: Foul Ball, location: 2F
3-2: Base on Balls
Koson Hirai to second
Batting: RHB Josh Burrows 0-0: Fly out, F8 (Line Drive, 78M, EV 93.8 MPH)
Top of the 8th over - 0 runs, 0 hits, 0 errors, 3 left on base; Kane County 2 - Atlanta (MID) 1
BOTTOM OF THE 8TH
Atlanta (MID) Braves batting - Pitching for Kane County Cougars : LHP Travis Osorio
Pitching: LHP Heath Henderson
Now at 3B: Ernesto Zamora
Batting: RHB George Provance 0-0: Ball
1-0: Foul Ball, location: 2F
1-1: Swinging Strike
1-2: Strikes out swinging
Batting: RHB Miguel Vazquez 0-0: Foul Ball, location: 2F
0-1: Ball
1-1: Foul Ball, location: 2F
1-2: Ball
2-2: Strikes out swinging
Batting: RHB Zheng-ze King 0-0: Ball
1-0: Called Strike
1-1: Called Strike
1-2: Ball
2-2: Ball
3-2: Ground out 6-3 (Groundball, 56, EV 77.5 MPH)
Bottom of the 8th over - 0 runs, 0 hits, 0 errors, 0 left on base; Kane County 2 - Atlanta (MID) 1
TOP OF THE 9TH
Kane County Cougars batting - Pitching for Atlanta (MID) Braves : RHP Jeremy Armstrong
Pitching: RHP Ruben Valle
Batting: RHB Sergio Manzanero 0-0: Ball
1-0: Called Strike
1-1: Foul Ball, location: 2F
1-2: DOUBLE (Flyball, 89D, EV 94.4 MPH)
Batting: LHB Jeff Trapp 0-0: Intentional Walk
Batting: RHB Gary Hills 0-0: Sac Bunt to 3S - play at first, batter OUT! 3-1
Sergio Manzanero to third
Jeff Trapp to second
Batting: SHB Blaine Peters 0-0: Intentional Walk
Batting: RHB D.J. Cooke 0-0: Ball
1-0: Foul Ball, location: 2F
1-1: Swinging Strike
1-2: Strikes out swinging
Batting: RHB Chad Mendoza 0-0: Ball
1-0: Called Strike
Balk!
Sergio Manzanero scores
Jeff Trapp to third
Blaine Peters to second
1-1: Ball
2-1: Called Strike
2-2: Ball
3-2: SINGLE (Line Drive, 56D, EV 94.4 MPH)
Jeff Trapp scores
Blaine Peters to third
Runner from 3rd tries for Home, SAFE, throw by LF to home
Pitching: RHP Mike Warren
Batting: LHB Koson Hirai 0-0: Ball
1-0: Called Strike
1-1: Ground out 1-3 (Groundball, 34S, EV 58.8 MPH)
Top of the 9th over - 3 runs, 2 hits, 0 errors, 1 left on base; Kane County 5 - Atlanta (MID) 1
BOTTOM OF THE 9TH
Atlanta (MID) Braves batting - Pitching for Kane County Cougars : LHP Heath Henderson
Pitching: RHP Edwin Martinez
Batting: RHB Badr al Din Ridha 0-0: Ball
1-0: Ball
2-0: Fly out, F6 (Line Drive, 6, EV 70.0 MPH)
Batting: SHB Jose Melendez 0-0: Called Strike
0-1: DOUBLE (Groundball, 5L, EV 111.2 MPH)
Batting: RHB Yojiro Hayashi 0-0: Called Strike
0-1: Foul Ball, location: 2F
0-2: Strikes out looking
Batting: RHB Nick Holsinger 0-0: Ground out 5-3 (Groundball, 56S, EV 80.6 MPH)
Bottom of the 9th over - 0 runs, 1 hit, 0 errors, 1 left on base; Kane County 5 - Atlanta (MID) 1
Thursday, December 15th , 2022 - OOTP Baseball 23.9 Build 102